 Dungeon Crawl Stone Soup version 0.25-a0-697-g890751e744 (webtiles) character file.

Game seed: 5901562321871736154, levelgen mode: deterministic

3 tilp the Charmwright (level 1, -1/14 HPs)
             Began as a Halfling Skald on Apr 1, 2020.
             Slain by a hobgoblin
             ... wielding a +0 club
              (6 damage)
             ... on level 1 of the Dungeon.
             The game lasted 00:00:41 (398 turns).

tilp the Charmwright (Halfling Skald)                Turns: 398, Time: 00:00:41

Health: -1/14      AC:  3    Str: 12    XL:     1   Next: 55%
Magic:  0/3        EV: 14    Int: 11    God:
Gold:   0          SH:  0    Dex: 13    Spells: 2/3 levels left

rFire    . . .     SeeInvis .   a - +0 short sword
rCold    . . .     Gourm    .   (shield restricted)
rNeg     . . .     Faith    .   b - +0 leather armour
rPois    .         Spirit   .   (no helmet)
rElec    .         Reflect  .   (no cloak)
rCorr    .         Harm     .   (no gloves)
MR       .....                  (no boots)
Stlth    +.........             (no amulet)
HPRegen  0.04/turn              (no ring)
MPRegen  0.08/turn              (no ring)

@: very slightly contaminated
A: small, mutation resistance 1
a: no special abilities


You were on level 1 of the Dungeon.
You were not hungry.

You visited 1 branch of the dungeon, and saw 1 of its levels.

Inventory:

Hand Weapons
 a - a +0 short sword (weapon)
Missiles
 c - 29 stones (quivered)
Armour
 b - a +0 leather armour (worn)
Scrolls
 e - a scroll of enchant weapon {unknown}
 f - 2 scrolls of fear {unknown}
 g - 2 scrolls of identify {unknown}
Comestibles
 d - 2 rations


   Skills:
 - Level 1.7 Fighting
 - Level 2.4 Short Blades
 - Level 1.1 Armour
 - Level 2.1 Dodging
 - Level 1.5 Spellcasting
 + Level 3.5 Charms


You had 2 spell levels left.
You knew the following spells:

 Your Spells              Type           Power        Failure   Level  Hunger
a - Infusion              Chrm           #...         9%          1    ##.....

Your spell library contained the following spells:

 Spells                   Type           Power        Failure   Level  Hunger
 Song of Slaying          Chrm           #.......     14%         2    ###....
 Shroud of Golubria       Chrm/Tloc      #.....       28%         2    ###....
 Ozocubu's Armour         Chrm/Ice       #.......     50%         3    ####...
 Spectral Weapon          Hex/Chrm       #.......     50%         3    ####...


Dungeon Overview and Level Annotations

Branches:
Dungeon (1/15)

Altars:


Innate Abilities, Weirdness & Mutations

You are small and have problems with some larger weapons.
You are somewhat resistant to further mutation.


Message History

You are very lightly contaminated with residual magic.
Nothing appears to happen.
The hobgoblin closely misses you.
You barely miss the hobgoblin.
The hobgoblin is heavily wounded.
The hobgoblin barely misses you.
You barely miss the hobgoblin.
The hobgoblin is heavily wounded.
The hobgoblin hits you with a +0 club.
* * * LOW HITPOINT WARNING * * *
You hit the hobgoblin but do no damage.
The hobgoblin is heavily wounded.
The hobgoblin closely misses you.
You hit the hobgoblin but do no damage.
The hobgoblin is heavily wounded.
The hobgoblin hits you but does no damage.
You hit the hobgoblin but do no damage.
The hobgoblin is heavily wounded.
You are no longer magically infusing your attacks.
The hobgoblin hits you with a +0 club.
You die...

###############
####>............#
.........#####...#
.........# ##..#
.........# #..#
.........# #..#
####'##### ##@#
######### ####.###
#g# ##.......#####
..>..... .g.
.........'....
######## ##.##
#.......##### #
#.# ######.## #
#.. ##'###### #
... #.......# #
... #.......# #
#.....).#


You could see 2 hobgoblins.

Vanquished Creatures
  3 kobolds (D:1)
  A rat (D:1)
4 creatures vanquished.

Notes
Turn   | Place    | Note
-------+----------+-------------------------------------------
     0 | D:1      | tilp the Halfling Skald began the quest for the Orb.
     0 | D:1      | Reached XP level 1. HP: 14/14 MP: 3/3
   398 | D:1      | Slain by a hobgoblin

Levels and vault maps discovered:
D:1:      lightli_arrival_chessboard, layout_basic

Action                   || total
-------------------------++-------
Melee: Short sword       ||    32
 Cast: Infusion          ||     2
Armor: Leather armour    ||     4
Dodge: Dodged            ||    20

Table legend:
 A = Non-vault XP
 B = Vault XP
 C = Vault XP percentage of total XP
 D = Non-vault monster count
 E = Vault monster count
 F = Vault count percentage of total count
                 A         B        C        D         E       F
            +---------+---------+-------+---------+---------+-------
      Total |       5 |       0 |   0.0 |       4 |       0 |   0.0
            +---------+---------+-------+---------+---------+-------
        D:1 |       5 |       0 |   0.0 |       4 |       0 |   0.0
            +---------+---------+-------+---------+---------+-------
